 Dungeon Crawl Stone Soup version 0.30-a0-760-g5a9884bb7c (webtiles) character file.

Game seed: 12018366788631378962

36557 holysushi the Black Belt (level 13, -3/74 HPs)
             Began as a Vampire Monk on Feb 12, 2023.
             Was a Follower of Ru.
             Slain by a chaos spawn (8 damage)
             ... summoned by an orc high priest
             ... on level 10 of the Dungeon.
             The game lasted 00:38:20 (28667 turns).

holysushi the Black Belt (Vampire Monk)            Turns: 28667, Time: 00:38:21

Health: -3/74      AC:  0    Str: 10    XL:     13   Next: 53%
Magic:  13/13      EV: 39    Int: 14    God:    Ru [*.....]
Gold:   1941       SH:  0    Dex: 25    Spells: 12/12 levels left

rFire   . . .      SeeInvis +      - Unarmed
rCold   + + .      Faith    +    (shield currently unavailable)
rNeg    + + +      Spirit   .    (body armour currently unavailable)
rPois   ∞          Reflect  .    (helmet currently unavailable)
rElec   .          Harm     .    (cloak currently unavailable)
rCorr   .          Rampage  .    (gloves currently unavailable)
Will    +....                    (boots currently unavailable)
Stlth   +++++++++                I - amulet of faith
HPRegen 0.00/turn                (ring currently unavailable)
MPRegen 0.13/turn                (ring currently unavailable)

@: bat-form, flying, bloodless, inhibited regen, very quick
A: fast, flying, no casting, tiny, bloodless, fangs 3, see invisible, inability
to train armour, vampiric 2
a: Revivify, End Transformation, Renounce Religion


You were on level 10 of the Dungeon.
You worshipped Ru.
Ru was aware of your devotion.
You were a vampire bat.
You visited 5 branches of the dungeon, and saw 20 of its levels.
You also visited: Ossuary.

You collected 2369 gold pieces.
You spent 428 gold pieces at shops.

Inventory:

Missiles
 f - 2 throwing nets (quivered)
Armour
 a - a +0 robe (melded)
Jewellery
 g - an amulet of regeneration
 i - an amulet of reflection
 s - an amulet of the acrobat
 E - a ring of wizardry
 G - a ring of ice
 I - an amulet of faith (around neck)
Wands
 d - a wand of flame (13)
 y - a wand of paralysis (12)
 z - a wand of iceblast (4)
 M - a wand of digging (7)
Scrolls
 j - 2 scrolls of enchant weapon
 l - a scroll of fog
 n - 2 scrolls of enchant armour
 p - 4 scrolls of magic mapping
 r - 8 scrolls of identify
 t - 3 scrolls of blinking
 v - a scroll of amnesia
 w - 3 scrolls of fear
 C - 7 scrolls of teleportation
 D - a scroll of brand weapon
 J - a scroll of noise
 L - 2 scrolls of vulnerability
 N - a scroll of silence
Potions
 b - 5 potions of ambrosia
 c - 3 potions of mutation
 e - 8 potions of curing
 h - 5 potions of berserk rage
 k - 2 potions of heal wounds
 m - 5 potions of haste
 o - 7 potions of lignification
 q - 4 potions of might
 u - 3 potions of flight
 x - 5 potions of attraction
 A - a potion of magic
 B - a potion of cancellation
 F - 2 potions of degeneration
 H - 2 potions of invisibility {unknown}
 K - a potion of brilliance


   Skills:
 - Level 6.0 Fighting
 * Level 15.5 Dodging
 + Level 15.5 Stealth
 * Level 15.5 Unarmed Combat
 - Level 5.0 Evocations


You had 12 spell levels left.
You didn't know any spells.
Your spell library contained the following spells:

 Spells                   Type           Power      Damage    Failure   Level
 Summon Small Mammal      Summ           0%         N/A       28%         1
 Blink                    Tloc           0%         N/A       41%         2
 Cigotuvi's Dreadful Rot  Necr/Pois/Air  0%         N/A       41%         2
 Lesser Beckoning         Tloc           0%         N/A       41%         2
 Momentum Strike          Conj/Tloc      0%         3d8       41%         2
 Passwall                 Tmut/Erth      0%         N/A       41%         2
 Poisonous Vapours        Pois/Air       0%         N/A       41%         2
 Call Canine Familiar     Summ           0%         N/A       65%         3
 Inner Flame              Hex/Fire       0%         N/A       65%         3
 Mephitic Cloud           Conj/Pois/Air  0%         N/A       65%         3
 Ozocubu's Armour         Ice            0%         N/A       65%         3
 Portal Projectile        Hex/Tloc       0%         N/A       65%         3
 Summon Guardian Golem    Hex/Summ       0%         N/A       65%         3
 Airstrike                Air            0%         2d(0-16)  96%         4
 Dispel Undead            Necr           0%         3d6       96%         4
 Flame Wave               Conj/Fire      0%         2d4       96%         4
 Leda's Liquefaction      Hex/Erth       0%         N/A       96%         4
 Freezing Cloud           Conj/Ice/Air   0%         6-21      100%        5
 Metabolic Englaciation   Hex/Ice        0%         N/A       100%        5
 Yara's Violent Unravell  Hex/Tmut       0%         3d3       100%        5
 Death Channel            Necr           0%         N/A       100%        6
 Simulacrum               Ice/Necr       0%         N/A       100%        6
 Shatter                  Erth           0%         3d5*      100%        9


Dungeon Overview and Level Annotations

Branches:
Dungeon (13/15) Zot: 26628  Temple (1/1) D:4 Zot: 5871    Lair (4/5) D:9 Zot: 15409
 Shoals (0/4) Lair:3        Snake (1/4) Lair:3 Zot: 5998   Slime (0/5) Lair:4
    Orc (1/2) D:10 Zot: 5736 Ossuary (visited)
 Vaults: D:13-14

Altars:
Ashenzari
Cheibriados
Dithmenos
Fedhas
Gozag
Hepliaklqana
Kikubaaqudgha
Makhleb
Nemelex Xobeh
Okawaru
Qazlal
Ru
Sif Muna
Trog
Uskayaw
Vehumet
Wu Jian
Xom
Yredelemnul

Shops:
D:5 [*   D:6 =?   D:9 ?

Portals:
Abyss: D:4

Annotations:
D:4 2 transporters, karrick's ghost, amateur GrFi
D:7 1 runed translucent door, Crazy Yiuf
D:9 Erolcha
Lair:4 exclusion: oklob plant


Innate Abilities, Weirdness & Mutations

You are a vampire bat.
You are tiny and dextrous.
You move quickly.
You are flying.
You are immune to poison.
Your equipment is almost entirely melded.
You are incapable of wielding weapons or throwing items.
You cannot cast spells.
You do not regenerate when monsters are visible.
You are frail without blood (-20% HP).
You can heal yourself when you bite living creatures.
You are immune to poison.
You have razor-sharp teeth.
You have supernaturally acute eyesight. (SInv)
You cannot train Armour skill.
You are afflicted with vampirism and can become a bat while bloodless.


Message History

The ogre is almost dead.
The orc high priest completely misses you.
The chaos spawn misses you.
You barely miss the orc high priest.
The orc high priest is heavily wounded.
The ogre completely misses you.
The orc high priest completely misses you.
You hit the orc high priest but do no damage.
The orc high priest is heavily wounded.
The chaos spawn barely misses you.
You hit the orc high priest. Your bite misses the orc high priest.
The orc high priest is heavily wounded.
The orc high priest invokes the aid of Beogh against you.
Beogh smites you! The chaos spawn hits you!
You are engulfed in flames!
The ogre completely misses you.
You hit the orc high priest but do no damage.
The orc high priest is heavily wounded.
The orc high priest hits you with a +1 dire flail of holy wrath!
You convulse!
The chaos spawn misses you.
Things that are here:
a +0 leather armour; a +0 club
Okay, then.
Aiming: Iceblast
Press: ? - help, Shift-Dir - straight line The mass of ice explodes!
The iceblast engulfs the ogre!
You kill the ogre!
The iceblast engulfs the orc high priest!
The orc high priest is severely wounded.
You hit the orc high priest.
The orc high priest is almost dead.
The chaos spawn closely misses you.
You closely miss the orc high priest.
The orc high priest is almost dead.
The orc high priest hits you with a +1 dire flail of holy wrath!
* * * LOW HITPOINT WARNING * * *
You convulse.
* * * LOW HITPOINT WARNING * * *
The chaos spawn hits you!
You die...

........#........###.........##..
........#.............(......###.
.................#............##.
.................##.........#.#..
...............######......##.##.
................###..########....
.#.............###...8#.....##...
.##..............#..$.#.....##..#
.<..............b4[>..'.._..##..#
.................o..[.#.....#.).#
....###........###...8#.....#....
...## ###......##.#..########....
...####.............##..###......
.....#.....#........##...........
...........##.).....#............
........##....)#......###........
.......####...........##.........


You could see an orc high priest and a chaos spawn (summoned).

Vanquished Creatures
  Snorg (D:10)
  Fannar (D:10)
  A hydra (Lair:4)
  Harold (D:10)
  3 death yaks
  3 two-headed ogres
  A fire crab (D:9)
  2 skysharks (Lair:4)
  An elephant (Lair:4)
  2 black mambas
  5 cane toads
  2 torpor snails
  A gargoyle (D:12)
  An unseen horror (D:12)
  4 komodo dragons
  7 polar bears
  2 burning bushes (Lair:1)
  A troll (Orc:1)
  20 blink frogs
  Prince Ribbit (D:9)
  3 hornets
  A spriggan (Lair:3)
  2 wyverns (Lair:3)
  5 wraiths
  2 basilisks
  66 yaks
  2 wargs (Orc:1)
  4 vampire mosquitoes
  2 nagas (Lair:3)
  10 water moccasins
  6 orc warriors
  2 ogres
  8 black bears
  3 wolves (Lair:3)
  8 centaurs
  A phantom (D:5)
  A kobold brigand (D:8)
  A necrophage (D:4)
  10 bullfrogs
  3 scorpions (D:6)
  4 water moccasin zombies (Ossuary)
  8 howler monkeys
  9 electric eels (D:11)
  3 hounds
  19 orc priests
  4 iguanas
  12 orc wizards
  2 mummies (Ossuary)
  4 gnolls (D:4)
  6 adders
  A white imp (D:7)
  An ufetubus (D:5)
  5 adder zombies (Ossuary)
  4 worms
  2 dart slugs
  50 orcs
  7 endoplasms
  2 giant cockroaches
  5 goblins
  5 hobgoblins
  9 jackals
  7 kobolds
  6 quokkas
  4 ball pythons
  4 bats
  2 frilled lizards
  2 gnoll zombies (Ossuary)
  5 hobgoblin zombies (Ossuary)
  5 kobold zombies (Ossuary)
  5 orc zombies (Ossuary)
  6 rats
408 creatures vanquished.

Vanquished Creatures (others)
  An orc wizard (D:10)
  2 orcs
  22 fungi
  60 plants
85 creatures vanquished.

Grand Total: 493 creatures vanquished

Notes
Turn   | Place    | Note
-------+----------+-------------------------------------------
     0 | D:1      | holysushi the Vampire Monk began the quest for the Orb.
     0 | D:1      | Reached XP level 1. HP: 17/17 MP: 1/1
    10 | D:1      | Noticed a minotaur zombie
    18 | D:1      | Noticed a minotaur zombie
   105 | D:1      | Reached XP level 2. HP: 23/23 MP: 2/2
   467 | D:1      | Gained mutation: You are afflicted with vampirism and can
                  | become a bat while bloodless. [Vampire growth]
   467 | D:1      | Reached XP level 3. HP: 28/28 MP: 3/3
   996 | D:2      | Reached skill level 5 in Unarmed Combat
  1664 | D:3      | Reached XP level 4. HP: 22/27 MP: 4/4
  1749 | D:3      | Found a radiant altar of Vehumet.
  1927 | D:3      | Found a broken altar of Ashenzari.
  2230 | D:3      | Reached XP level 5. HP: 17/31 MP: 5/5
  2663 | D:4      | Noticed a small abomination
  2671 | D:4      | Noticed a small abomination
  2769 | D:4      | Found a sand-covered staircase.
  2780 | Ossuary  | Entered an ossuary
  2991 | Ossuary  | Reached XP level 6. HP: 18/36 MP: 6/6
  3815 | D:4      | Reached XP level 7. HP: 26/40 MP: 7/7
  3991 | D:4      | Found a staircase to the Ecumenical Temple.
  3996 | Temple   | Entered the Ecumenical Temple
  4165 | Temple   | Became a worshipper of Ru the Awakened
  4182 | Temple   | Gained mutation: You cannot train Armour skill. [Ru
                  | sacrifice]
  4182 | Temple   | Reached * piety under Ru
  4393 | D:4      | Found a transporter.
  4428 | D:4      | Found a one-way gate to the infinite horrors of the Abyss.
  4428 | D:4      | Noticed karrick's ghost (amateur GrFi)
  4439 | D:4      | Found a transporter.
  4539 | D:4      | Found an opulent altar of Gozag.
  4784 | D:5      | Entered Level 5 of the Dungeon
  4814 | D:5      | Found a burning altar of Makhleb.
  4847 | D:5      | Reached skill level 5 in Dodging
  5024 | D:5      | Found Qiasis's Assorted Antiques.
  5027 | D:5      | Bought a scroll labelled GEFOGE CET ATA for 20 gold pieces
  5027 | D:5      | Bought a scroll of identify for 40 gold pieces
  5027 | D:5      | Bought a scroll of identify for 40 gold pieces
  5330 | D:5      | Found Dudeor's Antique Armour Boutique.
  5725 | D:5      | Found a hide-covered altar of Uskayaw.
  6008 | D:6      | Reached XP level 8. HP: 38/45 MP: 8/8
  6198 | D:6      | Reached skill level 10 in Unarmed Combat
  6366 | D:6      | Got the Almanac of the Grey Bonfire
  6445 | D:6      | Found The Oracle's Delphic Readings.
  6480 | D:6      | Bought a scroll of blinking for 75 gold pieces
  6684 | D:6      | Found Zolega's Jewellery Boutique.
  6919 | D:7      | Noticed a hornet
  6928 | D:7      | Killed a hornet
  6929 | D:7      | Reached skill level 5 in Stealth
  7090 | D:7      | Reached skill level 1 in Evocations
  7097 | D:7      | Reached XP level 9. HP: 32/52 MP: 9/9
  7288 | D:7      | Found a sparkling altar of Nemelex Xobeh.
  7394 | D:7      | Found a runed translucent door.
  7395 | D:7      | Noticed Crazy Yiuf
  7801 | D:7      | Found a snail-covered altar of Cheibriados.
  9338 | D:9      | Noticed Erolcha
  9352 | D:9      | Found Kogen's Magic Scroll Emporium.
  9360 | D:9      | Bought a scroll of teleportation for 39 gold pieces
  9360 | D:9      | Bought a scroll of teleportation for 39 gold pieces
  9360 | D:9      | Bought a scroll of teleportation for 39 gold pieces
  9360 | D:9      | Bought a scroll of teleportation for 39 gold pieces
  9360 | D:9      | Bought a scroll of magic mapping for 97 gold pieces
  9367 | D:9      | Found an ornate altar of the Wu Jian Council.
  9368 | D:9      | Noticed a two-headed ogre
  9399 | D:9      | Reached XP level 10. HP: 22/56 MP: 10/10
  9719 | D:9      | Noticed Prince Ribbit
  9758 | D:9      | Killed Prince Ribbit
 10045 | D:9      | Noticed a fire crab
 10083 | D:9      | Killed a two-headed ogre
 10084 | D:9      | Reached skill level 10 in Dodging
 10084 | D:9      | Reached skill level 5 in Evocations
 10233 | D:9      | Found a staircase to the Lair.
 10310 | D:9      | Killed a fire crab
 10316 | D:10     | Entered Level 10 of the Dungeon
 10421 | D:10     | Noticed Harold
 10432 | D:10     | Noticed a two-headed ogre
 10980 | D:8      | Killed a two-headed ogre
 10981 | D:8      | Reached skill level 10 in Stealth
 11196 | D:10     | Reached XP level 11. HP: 43/61 MP: 11/11
 11380 | D:10     | Killed Harold
 11448 | D:10     | Found a staircase to the Orcish Mines.
 11559 | D:10     | Noticed Snorg
 11773 | D:10     | Killed Snorg
 11981 | D:10     | Noticed Fannar
 12186 | D:10     | Killed Fannar
 14136 | Lair:1   | Entered Level 1 of the Lair of Beasts
 14136 | Lair:1   | Noticed a death yak
 14174 | Lair:1   | Found an ornate altar of the Wu Jian Council.
 14728 | Lair:1   | Identified the +1 leather armour of the Lobster {rN+ Int+4}
 16537 | Lair:1   | Found an ornate altar of the Wu Jian Council.
 17006 | Lair:2   | Identified the +0 cloak of the Morning Star {+Inv Regen+}
 17043 | Lair:2   | Reached skill level 5 in Fighting
 17173 | Lair:2   | Reached XP level 12. HP: 68/68 MP: 12/12
 18276 | Lair:3   | Found a staircase to the Shoals.
 18286 | Lair:3   | Found a staircase to the Snake Pit.
 20572 | Lair:3   | Found a staircase to the Shoals.
 20583 | Lair:3   | Found a staircase to the Snake Pit.
 21596 | Snake:1  | Entered Level 1 of the Snake Pit
 21820 | Lair:4   | Noticed a four-headed hydra
 22264 | Lair:4   | Reached XP level 13. HP: 59/74 MP: 13/13
 23171 | Lair:4   | Found a staircase to the Slime Pits.
 24525 | Lair:4   | Identified a scroll of acquirement
 24525 | Lair:4   | Acquired 992 gold pieces
 25518 | Lair:4   | Reached skill level 15 in Dodging
 25518 | Lair:4   | Reached skill level 15 in Unarmed Combat
 26101 | D:8      | Reached skill level 15 in Stealth
 27388 | D:12     | Got the Thoughts on Voltaic Alteration
 28028 | Orc:1    | Entered Level 1 of the Orcish Mines
 28667 | D:10     | Slain by a chaos spawn

Illustrated notes

Levels and vault maps discovered:
D:1:      shiori_arrival_whats_in_store_for_you, layout_basic, st_stairs_1
D:2:      layout_loops_corners, nicolae_elevator_lobby_asterisk
D:3:      layout_rooms, nicolae_vehumet_radiance, ashenzari_conservatory_becter,
          nicolae_figureground_pulse
D:4:      layout_loops_corners, kennysheep_little_box,
          minmay_temple_entry_nine_rooms, gammafunk_ghost_abyssal_escape,
          enter_ossuary_1, kennysheep_generic_room_15
D:5:      layout_basic, bloody_makhleb, nicolae_uskayaw_suspiria, serial_shops,
          kennysheep_mini_moat, nicolae_shop_waterfront
D:6:      layout_gridville, serial_shops, nicolae_lakefront_shop,
          nicolae_nh_oracle_at_delphi
D:7:      layout_basic, lemuel_tele_altar, mainiacjoe_overflow_alcove_1,
          grunt_ministairs_14, uniq_crazy_yiuf_cottage
D:8:      layout_gridville
D:9:      layout_rooms, mainiacjoe_overflow_concentric_impassable,
          minmay_lair_entry_lava, minivault_4, nicolae_stop_n_shop_2,
          uniq_prince_ribbit1, uniq_erolcha
D:10:     layout_cave_pools, minmay_orc_entry_temple_small, uniq_harold,
          uniq_fannar, uniq_snorg
D:11:     layout_gridville, serial_bayou, serial_bayou_pond_e,
          serial_bayou_lagoon_b, serial_bayou_lake_a, serial_bayou_crossing
D:12:     layout_long_grid
D:13:     layout_rooms, serial_shops, shop, grunt_decor_arrowhead,
          grunt_ogre_cave, fedhas_altar_1
Temple:   eino_narrow_crystal_temple
Lair:1:   layout_concentric_octagons, basic_altar, evilmike_ambush
          [evilmike_ambush_outer_basic, evilmike_ambush_inner_basic]
Lair:2:   beast_lair_carwin_large_3, layout_hall_layers
Lair:3:   layout_cave_pods, elwin_shoals_entry_rocks,
          guppyfry_snake_entry_island, wad_woods_road_02,
          chequers_serial_rivers_marsh, grunt_forest_stairs_clearing
Lair:4:   nzn_winding_woodlands_medium [nzn_winding_woodlands_5x5_perimeter,
          nzn_winding_woodlands_5x15_cabin,
          nzn_winding_woodlands_5x5_checkerboard,
          nzn_winding_woodlands_5x5_closed_star,
          nzn_winding_woodlands_center_garden,
          nzn_winding_woodlands_5x5_default,
          nzn_winding_woodlands_5x5_open_star,
          nzn_winding_woodlands_5x15_river_crossing,
          nzn_winding_woodlands_5x5_default], layout_cave_pods,
          minmay_slime_entry_oklob_enclosed
Snake:1:  layout_cave_shapes, serial_shops, nicolae_shop_crystal,
          nicolae_snake_coiling_death, minmay_shop_grove, lemuel_fruit_tree,
          uniq_azrael
Orc:1:    layout_diamond_mine, serial_shops, nicolae_shop_waterfront,
          basic_altar, nicolae_orc_rockfall, uniq_erica

Skill      XL: |  1  2  3  4  5  6  7  8  9 10 11 12 13 |
---------------+----------------------------------------+-----
Unarmed Combat | 4 5 6 7 8 9 10 11 12 13 14 15 | 15.5
Dodging        | 4 5 7 8 11 13 14 15 | 15.5
Fighting       | 4 5 6 |  6.0
Stealth        | 5 8 10 13 14 15 | 15.5
Evocations     | 1 4 5 |  5.0

Action                     |  1- 3 |  4- 6 |  7- 9 | 10-12 | 13-15 || total
---------------------------+-------+-------+-------+-------+-------++-------
  Melee: Unarmed           |   110 |   268 |   352 |  1135 |   418 ||  2283
         Bite              |    13 |    35 |    71 |   249 |    96 ||   464
         Punch             |     3 |       |       |       |       ||     3
 Invoke: Sacrifice Durabil |       |       |     1 |       |       ||     1
         Reject Sacrifices |       |       |     1 |     2 |       ||     3
Ability: Bat Form          |     1 |       |       |       |       ||     1
         Exsanguinate      |     1 |       |       |       |       ||     1
  Evoke: Wand              |       |       |     8 |    41 |     1 ||    50
    Use: Scroll            |       |    13 |    10 |     3 |     2 ||    28
         Potion            |       |       |       |     2 |       ||     2
   Stab: Sleeping          |    11 |     8 |    19 |    24 |     4 ||    66
         Distracted        |     1 |     1 |     1 |    15 |     3 ||    21
         Paralysed         |       |       |     7 |     9 |       ||    16
 Armour: Robe              |     6 |       |       |       |       ||     6
  Dodge: Dodged            |    70 |   194 |   255 |  1001 |   385 ||  1905
  Block: Other             |       |       |       |    84 |       ||    84
         Reflection        |       |       |       |     2 |       ||     2

Table legend: (Time is in decaauts)
 A = Elapsed time spent in this place.
 B = Non-inter-level travel time spent in this place.
 C = Inter-level travel time spent in this place.
 D = Time resting spent in this place.
 E = Time spent auto-exploring this place.
 F = Levels seen in this place.
 G = Mean time per level.
                   A        B        C        D        E       F      G
               +--------+--------+--------+--------+--------+-----+--------+
         Total |  21994 |  21388 |    606 |   8105 |   8506 |  21 | 1047.3 |
       Dungeon |  12303 |  11912 |    391 |   4414 |   4883 |  13 |  946.4 |
        Temple |    129 |    120 |      9 |     16 |     96 |   1 |  129.0 |
          Lair |   8590 |   8386 |    204 |   3288 |   3254 |   4 | 2147.5 |
     Snake Pit |      1 |      1 |      0 |      0 |      0 |   1 |    1.0 |
  Orcish Mines |    263 |    263 |      0 |      2 |    164 |   1 |  263.0 |
       Ossuary |    707 |    707 |      0 |    383 |    107 |   1 |  707.0 |
               +--------+--------+--------+--------+--------+-----+--------+

Top non-repeatable levels by time:
  Lair:3: 2950 daAuts
  Lair:4: 2256 daAuts
  Lair:2: 1937 daAuts
    D:10: 1539 daAuts
    D:11: 1518 daAuts
     D:9: 1463 daAuts
     D:8: 1463 daAuts
  Lair:1: 1445 daAuts
     D:7: 1114 daAuts
    D:12: 971 daAuts
     D:4: 865 daAuts
     D:5: 736 daAuts
     D:2: 719 daAuts
 Ossuary: 707 daAuts
     D:3: 706 daAuts
